 Dungeon Sprint DCSS version 0.27-a0-1149-g4505690ab0 (webtiles) character file.

Game seed: 18401890703587510897

200 Zeld the Transmogrifier (level 5, -2/36 HPs)
             Began as an Octopode Transmuter on May 13, 2021.
             Was an Initiate of Fedhas.
             Slain by an orc priest
             ... wielding a +0 short sword
              (4 damage)
             ... in the Dungeon (Sprint V: "Ziggurat Sprint").
             The game lasted 00:01:06 (216 turns).

Zeld the Transmogrifier (Octopode Transmuter)        Turns: 216, Time: 00:01:08

Health: -2/36      AC:  2    Str: 22    XL:     5   Next: 78%
Magic:  10/13      EV: 21    Int: 28    God:    Fedhas [......]
Gold:   0          SH:  0    Dex: 17    Spells: 0/15 levels left

rFire    . . .     SeeInvis .     - Unarmed
rCold    . . .     Faith    .   (shield currently unavailable)
rNeg     . . .     Spirit   .   (helmet currently unavailable)
rPois    x         Reflect  .   (no amulet)
rElec    .         Harm     .   q - +6 ring of strength
rCorr    .         Rampage  .   p - +6 ring of strength
Will     .....     NoTele   +   o - +6 ring of intelligence
Stlth    ++........             n - +6 ring of intelligence
HPRegen  0.12/turn              (no ring)
MPRegen  0.13/turn              (no ring)
                                (no ring)
                                (no ring)

@: spider-form
A: venomous fangs, almost no armour, (amphibious), 8 rings, tiny, (camouflage
1), (gelatinous body 1), (nimble swimmer 1), (tentacles)
a: End Transformation, Renounce Religion


You were in the Dungeon.
You worshipped Fedhas.
Fedhas was noncommittal.
You were a venomous arachnid creature.
You visited 1 branch

Inventory:

Jewellery
 n - a +6 ring of intelligence (on tentacle)
 o - a +6 ring of intelligence (on tentacle)
 p - a +6 ring of strength (right front leg)
 q - a +6 ring of strength (left front leg)
Wands
 j - a wand of mindburst (7)
 l - a wand of iceblast (5)
 m - a wand of acid (7)
Scrolls
 g - 3 scrolls of blinking
 s - 4 scrolls of amnesia
 t - 7 scrolls of fog
 u - a scroll of holy word
 v - 5 scrolls of identify
 w - 2 scrolls of fear
Potions
 a - 2 potions of brilliance
 b - 10 potions of curing
 c - 10 potions of heal wounds
 d - 6 potions of haste
 e - 7 potions of magic
 f - 3 potions of berserk rage
 h - 2 potions of invisibility
 i - 4 potions of resistance
 k - 5 potions of might
Miscellaneous
 r - a lightning rod (4/4)


   Skills:
 + Level 3.5 Fighting
 + Level 4.0 Dodging
 - Level 3.0 Unarmed Combat
 + Level 5.5 Spellcasting
 * Level 8.3 Transmutations
 * Level 5.3 Invocations


You couldn't memorise any spells.
You knew the following spells:

 Your Spells              Type           Power      Damage    Failure   Level
a - Beastly Appendage     Tmut           100%       N/A       2%          1
b - Wereblood             Tmut           53%        N/A       2%          2
c - Spider Form           Tmut/Pois      15%        N/A       12%         3
d - Ice Form              Ice/Tmut       31%        N/A       28%         4
e - Hydra Form            Tmut           26%        N/A       17%         5

Your spell library contained the following spells:

 Spells                   Type           Power      Damage    Failure   Level
 Freeze                   Ice            28%        1d5       17%         1
 Frozen Ramparts          Ice            14%        1d3       38%         3
 Ozocubu's Armour         Ice            7%         N/A       38%         3
 Simulacrum               Ice/Necr       3%         N/A       100%        6
 Ozocubu's Refrigeration  Ice            3%         4d5       100%        7


Dungeon Overview and Level Annotations

Branches:
Dungeon (1/1)

Altars:
Ashenzari
Cheibriados
Dithmenos
Elyvilon
Fedhas
Gozag
Hepliaklqana
Kikubaaqudgha
Makhleb
Nemelex Xobeh
Okawaru
Qazlal
Ru
Sif Muna
Trog
Uskayaw
Vehumet
Wu Jian
Xom
Yredelemnul
Zin
The Shining One
Beogh
Jiyva
Lugonu

Annotations:
D 1 transporter


Innate Abilities, Weirdness & Mutations

You are a venomous arachnid creature.
You have poisonous fangs.
You are tiny and dextrous.
Your spellcasting is less reliable in this form.
Your armour is entirely melded.
You are incapable of wielding weapons or throwing items.
You cannot wear most types of armour.
((You are amphibious.))
You can wear up to eight rings at the same time.
((Your skin changes colour to match your surroundings (Stealth+).))
((Your rubbery body absorbs attacks. (AC +1, EV +1)))
((You are camouflaged near water. (Stealth+)))
((You have tentacles for arms and can constrict up to eight enemies at once.))


Message History

An orc priest and 2 orc wizards come into view.
The orc priest shouts!
The orc wizard unwields a +0 dagger.
The orc wizard drops a +0 dagger.
The orc wizard picks up the +9 spear of Conformity {vamp, rN+ Dex+2}.
The orc wizard wields the +9 spear of Conformity {vamp, rN+ Dex+2}.
Found three items.
Found a transporter.
Cast which spell? (? or * to list)
You turn into a venomous arachnid creature.
The orc wizard shouts!
There are monsters nearby!
The orc wizard completely misses you.
The orc priest mumbles some strange prayers to Beogh against you.
You barely resist.
The orc wizard hits you with the +9 spear of Conformity {vamp, rN+ Dex+2}.
Unknown command.
You hit the orc wizard.
The orc wizard is lightly wounded.
The orc wizard closely misses you.
The orc priest hits you with a +0 short sword.
The orc wizard barely misses you.
You barely miss the orc wizard.
The orc wizard is lightly wounded.
The orc wizard hits you but does no damage.
The orc priest begins to cast a cantrip, but forgets the words!
The orc wizard hits you with the +9 spear of Conformity {vamp, rN+ Dex+2}!
You are too injured to fight recklessly!
Unknown command.
You hit the orc priest.
The orc priest is poisoned.
The orc priest is lightly wounded.
The orc wizard barely misses you.
The orc priest hits you with a +0 short sword.
You bite the orc priest!
The orc priest is severely wounded.
The orc wizard hits you with the +9 spear of Conformity {vamp, rN+ Dex+2}!
* * * LOW HITPOINT WARNING * * *
The orc wizard hits you with a +0 dagger.
* * * LOW HITPOINT WARNING * * *
The orc priest hits you with a +0 short sword.
You die...
Fedhas appreciates your contribution to the ecosystem.

▓▓▓▓▓▓▓▓▓▓▓▓▓
▓.8©8.▓.8©8.▓
▓.[):.▓....†▓
▓.....▓.[..†▓
▓.ooo.▓.....▓
▓..s..▓.....▓
▓.....▓..©..▓
▓..©..▓▓▓▓▓▓▓
▓▓▓▓▓▓▓


You could see an orc priest (very poisoned) and 2 orc wizards.

Vanquished Creatures
  2 hell hounds (D)
2 creatures vanquished.

Notes
Turn   | Place    | Note
-------+----------+-------------------------------------------
     0 | D        | Zeld the Octopode Transmuter began the quest for the Orb.
     0 | D        | Reached XP level 1. HP: 13/13 MP: 3/3
     0 | D        | Found a blossoming altar of Fedhas.
     0 | D        | Banished a spatial maelstrom
     0 | D        | Banished a spatial maelstrom
     1 | D        | Found the +6 Majin-Bo {vamp, MP+6 Int+6}
     1 | D        | Found the +9 heavy crossbow "Sniper" {vorpal, Acc+∞ SInv}
     1 | D        | Found the +10 dark maul {vorpal}
     1 | D        | Found the +15 Maxwell's patent armour {-Cast -Tele rElec
                  | Will+ rCorr}
     1 | D        | Found the +18 shield of the Gong {rElec rN+ Will+ EV-5}
     1 | D        | Found the +14 obsidian axe {vorpal, Drain Fly SInv}
     1 | D        | Found the +7 great mace "Firestarter" {inner flame, rF++}
     1 | D        | Found the +6 shillelagh "Devastator" {shatter}
     1 | D        | Found the +11 plutonium sword {Contam Stlth-}
     1 | D        | Found the +8 lance "Wyrmbane" {slay drac, rPois rF+ rC+
                  | AC+3}
     1 | D        | Found the +9 sword of Zonguldrok {reap}
     1 | D        | Found the +13 scythe of Curses {drain, Drain}
     1 | D        | Found the +5 sword of Power {vorpal}
     1 | D        | Found the +7 mace of Variability {chain chaos}
     1 | D        | Found the +7 Singing Sword {vorpal, sonic wave}
     1 | D        | Found the +8 storm bow {elec, penet}
     1 | D        | Found a shimmering blue altar of Sif Muna.
     1 | D        | Found a sacrificial altar of Ru.
     1 | D        | Found a bloodstained altar of Trog.
     1 | D        | Found a stormy altar of Qazlal.
     1 | D        | Found an iron altar of Okawaru.
     1 | D        | Found a sparkling altar of Nemelex Xobeh.
     3 | D        | Reached skill level 6 in Transmutations
     3 | D        | Reached XP level 2. HP: 18/18 MP: 4/7
     8 | D        | Found a corrupted altar of Lugonu.
     8 | D        | Found an ancient bone altar of Kikubaaqudgha.
     8 | D        | Found a burning altar of Makhleb.
     8 | D        | Found a transporter.
     8 | D        | Found a viscous altar of Jiyva.
     8 | D        | Found a hazy altar of Hepliaklqana.
    17 | D        | Found an opulent altar of Gozag.
    32 | D        | Became a worshipper of Fedhas Madash
    40 | D        | Learned a level 2 spell: Wereblood
   101 | D        | Entered arena 2.
   101 | D        | Noticed a hell hound
   101 | D        | Noticed a hell hound
   101 | D        | Found a transporter.
   105 | D        | Killed a hell hound
   106 | D        | Reached skill level 5 in Spellcasting
   106 | D        | Reached skill level 7 in Transmutations
   106 | D        | Reached XP level 3. HP: 25/25 MP: 7/9
   106 | D        | Reached XP level 4. HP: 30/30 MP: 8/11
   106 | D        | Killed a hell hound
   107 | D        | Reached skill level 8 in Transmutations
   107 | D        | Reached skill level 5 in Invocations
   107 | D        | Reached XP level 5. HP: 36/36 MP: 9/13
   110 | D        | Got Sif Muna's Volume of the Glacier
   115 | D        | Learned a level 3 spell: Spider Form
   120 | D        | Learned a level 4 spell: Ice Form
   126 | D        | Learned a level 5 spell: Hydra Form
   209 | D        | Entered arena 3.
   209 | D        | Found a transporter.
   210 | D        | Identified the +9 spear of Conformity {vamp, rN+ Dex+2}
   216 | D        | Slain by an orc priest

Illustrated notes

Levels and vault maps discovered:
D:        sprint_v [room_start, room_1, room_2, room_3, room_4, room_5, room_6,
          room_7, room_8, room_9, room_10, room_11, room_12, room_13, room_14,
          room_15, room_16, room_17, room_18, room_19, room_20, room_21,
          room_22, room_23, room_24, room_25, room_26, room_27]

Skill      XL: |  1  2  3  4 |
---------------+-------------+-----
Spellcasting   | 4 5 |  5.5
Transmutations | 6 7 8 |  8.3
Fighting       | 2 3 |  3.5
Dodging        | 3 4 |  4.0
Invocations    | 3 5 |  5.3
Unarmed Combat | |  3.0

Action                   |  1- 3 |  4- 6 || total
-------------------------+-------+-------++-------
Melee: Unarmed           |       |     4 ||     4
 Cast: Spider Form       |       |     1 ||     1
Evoke: Wand              |     2 |       ||     2
       Lightning rod     |     1 |     1 ||     2
  Use: Potion            |     1 |       ||     1
       Scroll            |     1 |       ||     1
Armor: Skin              |       |     1 ||     1
Dodge: Dodged            |     3 |     4 ||     7

Table legend: (Time is in decaauts)
 A = Elapsed time spent in this place.
 B = Non-inter-level travel time spent in this place.
 C = Inter-level travel time spent in this place.
 D = Time resting spent in this place.
 E = Time spent auto-exploring this place.
 F = Levels seen in this place.
 G = Mean time per level.
                   A        B        C        D        E       F      G
               +--------+--------+--------+--------+--------+-----+--------+
         Total |    213 |    213 |      0 |    136 |      0 |   1 |  213.0 |
       Dungeon |    213 |    213 |      0 |    136 |      0 |   1 |  213.0 |
               +--------+--------+--------+--------+--------+-----+--------+

Top non-repeatable levels by time:
       D: 213 daAuts
